 Dungeon Crawl Stone Soup version 0.29-a0-322-g68df515428 (webtiles) character file.

Game seed: 17900984623804912233

49811 mdonais the Destroyer (level 14, -6/97 HPs)
             Began as an Octopode Conjurer on Apr 9, 2022.
             Was a High Priest of Vehumet.
             Killed by an exploding fulminant prism (9 damage)
             ... in a volcano on Apr 10, 2022.
             The game lasted 01:45:31 (21853 turns).

mdonais the Destroyer (Octopode Conjurer)          Turns: 21853, Time: 01:45:32

Health: -6/97      AC:  6    Str:  7    XL:     14   Next: 52%
Magic:  5/28       EV: 13    Int: 24    God:    Vehumet [*****.]
Gold:   1809       SH: 15    Dex: 11    Spells: 4/33 levels left

rFire   . . .      SeeInvis .   v - +6 demon whip (venom)
rCold   . . .      Faith    .   N - +5 kite shield {AC+3}
rNeg    . . .      Spirit   .   w - +2 hat {Will+}
rPois   +          Reflect  .   m - amulet of magic regeneration
rElec   .          Harm     .   o - ring of poison resistance
rCorr   .          Rampage  .   (no ring)
Will    +++..                   K - ring of willpower
Stlth   +++++.....              (no ring)
HPRegen 0.26/turn               (no ring)
MPRegen 0.61/turn               (no ring)
                                (no ring)
                                (no ring)

@: very slightly contaminated
A: almost no armour, amphibious, 8 rings, camouflage 1, gelatinous body 1,
(nimble swimmer 1), tentacles
a: Renounce Religion


You were in a volcano.
You worshipped Vehumet.
Vehumet was extremely pleased with you.
You visited 4 branches of the dungeon, and saw 17 of its levels.
You also visited: Ice Cave and Volcano.

You collected 2073 gold pieces.
You spent 264 gold pieces at shops.

Inventory:

Hand Weapons
 d - a +0 fustibalus of freezing
   (You found it in an ice cave)
 v - a +6 demon whip of venom (weapon)
   (You took it off Amaemon on level 8 of the Dungeon)
Missiles
 k - 18 poisoned darts (quivered)
 t - 11 boomerangs
 G - 4 datura-tipped darts
 Z - 2 throwing nets {=!f}
Armour
 w - a +2 hat of willpower (worn)
   (You acquired it on level 10 of the Dungeon)
 N - a +5 kite shield of protection (worn)
   (You acquired it on level 8 of the Dungeon)
Jewellery
 m - an amulet of magic regeneration (around mantle)
   (You found it on level 9 of the Dungeon)
 o - a ring of poison resistance (left tentacle)
   (You found it on level 8 of the Dungeon)
 y - a ring of ice
   (You found it on level 5 of the Dungeon)
 K - a ring of willpower (on tentacle)
   (You acquired it on level 10 of the Dungeon)
Wands
 c - a wand of mindburst (12)
   (You found it on level 9 of the Dungeon)
 A - a wand of acid (4)
   (You found it on level 5 of the Dungeon)
 D - a wand of digging (1)
   (You found it on level 8 of the Dungeon)
 L - a wand of polymorph (3)
   (You took it off a kobold on level 10 of the Dungeon)
 P - a wand of paralysis (4)
   (You found it on level 9 of the Dungeon)
 V - a wand of flame (12)
   (You took it off Jessica on level 3 of the Dungeon)
Scrolls
 b - 2 scrolls of fear
 p - a scroll of fog
 r - 6 scrolls of amnesia
 u - 8 scrolls of immolation
 B - 2 scrolls of blinking
 E - 2 scrolls of vulnerability
 J - 4 scrolls of enchant armour
 S - a scroll of silence
 T - 4 scrolls of teleportation
Potions
 a - 2 potions of magic
 e - 2 potions of lignification
 i - 6 potions of heal wounds
 j - 3 potions of berserk rage
 l - 3 potions of flight
 n - 6 potions of might
 q - 5 potions of invisibility
 s - a potion of attraction
 x - 3 potions of mutation
 z - 4 potions of brilliance
 H - a potion of haste
 I - 3 potions of cancellation
 O - a potion of ambrosia {unknown}
 Q - 6 potions of curing


   Skills:
 - Level 9.0 Fighting
 - Level 6.0 Dodging
 - Level 8.0 Stealth
 + Level 9.2 Shields
 + Level 10.3 Spellcasting
 + Level 10.6 Conjurations
 - Level 6.0 Hexes
 * Level 4.7 Translocations
 - Level 8.0 Ice Magic
 - Level 8.0 Air Magic
 - Level 2.0 Poison Magic
 - Level 4.0 Evocations


You had 4 spell levels left.
You knew the following spells:

 Your Spells              Type           Power      Damage    Failure   Level
a - Magic Dart            Conj           100%       1d8       1%          1
b - Searing Ray           Conj           100%       2d8       1%          2
c - Mephitic Cloud        Conj/Pois/Air  45%        N/A       1%          3
d - Fulminant Prism       Conj/Hex       25%        3d14      1%          4
e - Freezing Cloud        Conj/Ice/Air   26%        6-21      2%          5
f - Dazzling Flash        Conj/Hex       100%       N/A       1%          3
g - Iskenderun's Mystic   Conj/Tloc      49%        2d11      1%          4
h - Spellforged Servitor  Conj/Summ      18%        N/A       93%         7

Your spell library contained the following spells:

 Spells                   Type           Power      Damage    Failure   Level
 Ignite Poison            Fire/Tmut/Pois 15%        N/A       7%          3
 Lee's Rapid Deconstruct  Erth           6%         3d7*      58%         5


Dungeon Overview and Level Annotations

Branches:
Dungeon (10/15)            Temple (1/1) D:5            Lair (4/6) D:9
 Shoals (0/4) Lair:2       Spider (0/4) Lair:3          Orc (2/2) D:10
  IceCv (visited)         Volcano (1/1)
    Elf: Orc:2

Altars:
Ashenzari
Cheibriados
Elyvilon
Gozag
Makhleb
Nemelex Xobeh
Okawaru
Ru
Uskayaw
Vehumet
Wu Jian
Yredelemnul
The Shining One
Beogh

Shops:
D:9 *   D:10 !

Annotations:
D:9 exclusion: upstairs


Innate Abilities, Weirdness & Mutations

You cannot wear most types of armour.
You are amphibious.
You can wear up to eight rings at the same time.
Your skin changes colour to match your surroundings (Stealth+).
Your rubbery body absorbs attacks. (AC +1, EV +1)
((You are camouflaged when in or above water. (Stealth+)))
You have tentacles for arms and can constrict up to eight enemies at once.


Message History

Unknown command.
Unknown command.
Unknown command.
Unknown command.
It was a potion of berserk rage.
A red film seems to cover your vision as you go berserk!
You feel yourself moving faster!
You feel mighty!
You now have 41/145 hp.
You feel a strong urge to attack something.
You feel your anger nearly subside.
You are no longer berserk.
You are exhausted.
You feel yourself slow down.
You now have 28/97 hp.
Okay, then.
Unknown command.
Unknown command.
Unknown command.
MP restored: 28 You feel yourself speed up.
You recover from your berserk rage.
A lava snake comes into view.
Casting: Freezing Cloud (dangerous; 2% risk of failure)
Confirm with . or Enter, or press ? or * to list all spells.
Aiming: Freezing Cloud (dangerous; 2% risk of failure)
Press: ? - help, Dir - move target, f - lava snake
Aim: a lava snake (lava, asleep)
The air gets thick with the scent of sulphur.
The lava snake hisses angrily.
The lava snake is engulfed in freezing vapours.
The lava snake spits lava at you. The glob of lava hits you!
* * * LOW HITPOINT WARNING * * *
You take 13 damage, and have 24/97 hp.
You now have 24/28 mp.
Vehumet accepts your kill.
You feel your power returning.
You feel a bit more experienced.
The volcano roars to life, belching forth lava!
MP restored: 28
Casting: Freezing Cloud (dangerous; 2% risk of failure)
Confirm with . or Enter, or press ? or * to list all spells.
Aiming: Mephitic Cloud (safe; 1% risk of failure)
Press: ? - help, Shift-Dir - straight line, f - you The ball explodes into a vile cloud!
The stinking cloud engulfs you but does no damage.
You hear an angry hiss. x2
You now have 25/28 mp.
Casting: Mephitic Cloud (safe; 1% risk of failure)
Confirm with . or Enter, or press ? or * to list all spells.
Aiming: Mephitic Cloud (safe; 1% risk of failure)
Press: ? - help, Shift-Dir - straight line The ball explodes into a vile cloud!
The stinking cloud engulfs you but does no damage.
You hear an angry hiss.
You now have 24/28 mp.
A lava snake comes into view.
Casting: Mephitic Cloud (safe; 1% risk of failure)
Confirm with . or Enter, or press ? or * to list all spells.
Aiming: Freezing Cloud (dangerous; 2% risk of failure)
Press: ? - help, Dir - move target The lava snake hisses angrily.
The lava snake is engulfed in freezing vapours.
You kill the lava snake!
Vehumet accepts your kill.
You feel your power returning.
You now have 21/28 mp.
A lava snake comes into view.
A lava snake comes into view. x2
Casting: Freezing Cloud (dangerous; 2% risk of failure)
Confirm with . or Enter, or press ? or * to list all spells.
Aiming: Freezing Cloud (dangerous; 2% risk of failure)
Press: ? - help, Dir - move target, f - lava snake
Aim: a lava snake (lava, wandering, hasn't noticed you)
The lava snake hisses angrily. x2
The lava snake is engulfed in freezing vapours.
You now have 18/28 mp.
Casting: Freezing Cloud (dangerous; 2% risk of failure)
Confirm with . or Enter, or press ? or * to list all spells.
Aiming: Freezing Cloud (dangerous; 2% risk of failure)
Press: ? - help, Dir - move target, p - lava snake The lava snake is engulfed in freezing vapours. x2
You kill the lava snake!
Vehumet accepts your kill.
You feel your power returning.
You now have 15/28 mp.
The lava snake spits lava at you. The glob of lava hits you!!
* * * LOW HITPOINT WARNING * * *
You take 22 damage, and have 6/97 hp.
MASSIVE DAMAGE!!
You feel much better.
You regained 19 hp, and now have 25/97 hp.
Casting: Freezing Cloud (dangerous; 2% risk of failure)
Confirm with . or Enter, or press ? or * to list all spells.
Aiming: Freezing Cloud (dangerous; 2% risk of failure)
Press: ? - help, Dir - move target, f - you
Okay, then.
Unknown command.
Casting: Freezing Cloud (dangerous; 2% risk of failure)
Confirm with . or Enter, or press ? or * to list all spells.
Aiming: Freezing Cloud (dangerous; 2% risk of failure)
Press: ? - help, Dir - move target, f - you
Okay, then.
Unknown command.
Unknown command.
Casting: Freezing Cloud (dangerous; 2% risk of failure)
Confirm with . or Enter, or press ? or * to list all spells.
Aiming: Fulminant Prism (mildly dangerous; 1% risk of failure)
Press: ? - help, Dir - move target You conjure a prism of explosive energy!
A fulminant prism comes into view.
The lava snake spits lava at you.
The glob of lava hits your fulminant prism!
Your fulminant prism partially resists.
You now have 13/28 mp.
Casting: Fulminant Prism (mildly dangerous; 1% risk of failure)
Confirm with . or Enter, or press ? or * to list all spells.
Aiming: Fulminant Prism (mildly dangerous; 1% risk of failure)
Press: ? - help, Dir - move target, f - lava snake
Aim: a lava snake (black smoke, lava, catching its breath)
Okay, then.
Unknown command.
Casting: Fulminant Prism (mildly dangerous; 1% risk of failure)
Confirm with . or Enter, or press ? or * to list all spells.
Aiming: Freezing Cloud (dangerous; 2% risk of failure)
Press: ? - help, Dir - move target, f - lava snake
Aim: a lava snake (lava, almost dead, ally target)
You miscast Freezing Cloud.
You are very lightly contaminated with residual magic.
You shiver with cold.
* * * LOW HITPOINT WARNING * * *
The lava snake spits lava at you. You block the glob of lava.
Your fulminant prism crackles loudly.
You take 5 damage, and have 20/97 hp.
You now have 8/28 mp.
Casting: Freezing Cloud (dangerous; 2% risk of failure)
Confirm with . or Enter, or press ? or * to list all spells.
Aiming: Freezing Cloud (dangerous; 2% risk of failure)
Press: ? - help, Dir - move target, p - lava snake That beam is likely to hit you.
Continue anyway?
You are engulfed in freezing vapours.
* * * LOW HITPOINT WARNING * * *
The lava snake is engulfed in freezing vapours.
You kill the lava snake!
Vehumet accepts your kill.
You feel your power returning.
Your fulminant prism explodes!
The blast of energy engulfs the lava snake!
You kill the lava snake!
Vehumet accepts your kill. The blast of energy engulfs you!
You die...

§§≈§≈§§≈≈≈≈
§≈§≈≈≈≈§≈≈
≈≈≈≈≈≈≈§§≈
≈≈§§§≈§§≈
..§§§§≈§≈
#§§§§≈§§§
#§§§§§≈§≈
#@§§§§≈≈≈
#..≈≈≈§§§
#.≈≈≈§≈≈§
.######.≈≈§≈§§§
......#.§≈≈§§≈§
##++###.≈≈§§≈§§
#.§≈≈§≈≈≈
#.§§§§§§≈
#..≈≈≈§§≈


There were no monsters in sight!

Vanquished Creatures
  Rupert (Lair:4)
  A frost giant (IceCv)
  4 hydras
  2 two-headed ogres
  Erica (Lair:2)
  9 death yaks
  Amaemon (D:8)
  A lindwurm (Orc:2)
  An oklob plant (Lair:3)
  3 black mambas (Lair:2)
  An ice statue (IceCv)
  13 elephants (Lair:4)
  Joseph (D:8)
  A torpor snail (Lair:3)
  11 cane toads
  An orange demon (D:8)
  7 komodo dragons
  10 rime drakes
  2 ice devils (Orc:1)
  A tarantella (Lair:3)
  7 polar bears
  Grinder (D:6)
  15 blink frogs
  4 dream sheep (Lair:4)
  A snapping turtle (Lair:2)
  5 wyverns
  A shadow (D:10)
  A wraith (D:9)
  48 yaks
  3 steam dragons
  Menkaure (D:5)
  2 wargs (Orc:2)
  Edmund (D:5)
  11 water moccasins
  A sky beast (D:8)
  9 orc warriors
  5 black bears
  17 wolves
  3 ogres
  2 centaurs
  2 phantoms (D:6)
  2 kobold brigands
  9 bullfrogs
  A gnoll sergeant (D:9)
  2 scorpions
  18 wights
  5 killer bees (D:8)
  3 howler monkeys
  An electric eel (Lair:2)
  7 lava snakes (Volcano)
  4 hounds
  A jelly (D:6)
  4 orc priests
  2 gnoll shamans
  Jessica (D:3)
  5 iguanas
  Natasha (thrice) (D:3)
  10 orc wizards
  11 hell rats
  9 adders
  22 gnolls
  A shadow imp (D:4)
  5 worms
  3 dart slugs
  41 orcs
  An endoplasm (D:1)
  4 giant cockroaches
  43 goblins
  28 hobgoblins
  2 quokkas
  7 ball pythons
  3 bats
  2 frilled lizards
  34 kobolds
  8 rats
514 creatures vanquished.

Vanquished Creatures (others)
  121 fulminant prisms
  25 fungi
  54 plants
200 creatures vanquished.

Grand Total: 714 creatures vanquished

Notes
Turn   | Place    | Note
-------+----------+-------------------------------------------
     0 | D:1      | mdonais the Octopode Conjurer began the quest for the Orb.
     0 | D:1      | Reached XP level 1. HP: 11/11 MP: 3/3
   194 | D:1      | Reached XP level 2. HP: 18/18 MP: 0/5
   911 | D:2      | Found a faded altar of an unknown god.
   950 | D:2      | Reached XP level 3. HP: 17/22 MP: 1/6
  1015 | D:2      | Learned a level 2 spell: Searing Ray
  1019 | D:2      | Learned a level 3 spell: Dazzling Flash
  1051 | D:2      | Reached skill level 1 in Fighting
  1487 | D:2      | Reached XP level 4. HP: 27/28 MP: 7/7
  1928 | D:3      | Noticed Natasha
  1935 | D:3      | Killed Natasha
  2136 | D:3      | Noticed Jessica
  2157 | D:3      | Noticed Natasha
  2163 | D:3      | Killed Natasha
  2164 | D:3      | Reached skill level 5 in Conjurations
  2164 | D:3      | Reached XP level 5. HP: 28/34 MP: 0/9
  2674 | D:3      | Killed Jessica
  3171 | D:3      | Reached XP level 6. HP: 34/39 MP: 1/10
  4035 | D:3      | Noticed Natasha
  4042 | D:3      | Killed Natasha
  4394 | D:4      | Reached skill level 1 in Hexes
  4394 | D:4      | Reached XP level 7. HP: 45/45 MP: 3/13
  5213 | D:4      | Learned a level 4 spell: Fulminant Prism
  5219 | D:5      | Entered Level 5 of the Dungeon
  5254 | D:5      | Found a staircase to the Ecumenical Temple.
  5262 | Temple   | Entered the Ecumenical Temple
  5324 | Temple   | Became a worshipper of Vehumet
  5502 | D:5      | Reached XP level 8. HP: 50/50 MP: 6/15
  5656 | D:5      | Noticed Menkaure
  5662 | D:5      | Killed Menkaure
  5920 | D:5      | Noticed Edmund
  5939 | D:5      | Reached skill level 5 in Spellcasting
  5943 | D:5      | Killed Edmund
  6610 | D:5      | Reached skill level 5 in Hexes
  6746 | D:5      | Learned a level 4 spell: Iskenderun's Mystic Blast
  6826 | D:6      | Noticed Grinder
  6829 | D:6      | Paralysed by Grinder for 7 turns
  6838 | D:6      | Killed Grinder
  6839 | D:6      | Reached skill level 1 in Translocations
  7108 | D:6      | Noticed a two-headed ogre
  7153 | D:6      | Reached XP level 9. HP: 48/54 MP: 4/17
  8082 | D:6      | Reached * piety under Vehumet
  8082 | D:6      | Offered knowledge of Foxfire by Vehumet.
  8082 | D:6      | Killed a two-headed ogre
  8083 | D:6      | Reached skill level 1 in Evocations
  8228 | D:6      | Identified the +1 leather armour of Impermeability {rCorr
                  | Int-4 Dex+4}
  8309 | D:6      | Reached skill level 5 in Stealth
  8810 | D:7      | Reached XP level 10. HP: 63/63 MP: 5/19
  9071 | D:7      | Offered knowledge of Scorch by Vehumet.
  9075 | D:7      | Reached ** piety under Vehumet
  9904 | D:7      | Offered knowledge of Stone Arrow by Vehumet.
  9975 | D:7      | Reached *** piety under Vehumet
 10513 | D:8      | Offered knowledge of Hailstorm by Vehumet.
 10519 | D:8      | Reached skill level 5 in Fighting
 11018 | D:8      | Reached **** piety under Vehumet
 11124 | D:8      | Learned a level 3 spell: Mephitic Cloud
 11130 | D:8      | Learned a level 5 spell: Freezing Cloud
 11225 | D:8      | Noticed an orange demon
 11306 | D:8      | Noticed Amaemon
 11462 | D:8      | Killed an orange demon
 11463 | D:8      | Reached skill level 1 in Ice Magic
 11463 | D:8      | Reached skill level 1 in Air Magic
 11463 | D:8      | Reached skill level 1 in Poison Magic
 11832 | D:8      | Noticed Joseph
 11864 | D:8      | Killed Joseph
 12046 | D:8      | Killed Amaemon
 12288 | D:8      | Offered knowledge of Olgreb's Toxic Radiance by Vehumet.
 12289 | D:8      | Reached XP level 11. HP: 72/72 MP: 9/21
 12483 | D:8      | Identified 3 scrolls of acquirement
 12483 | D:8      | Acquired a +2 kite shield of protection
 12836 | D:9      | Found a staircase to the Lair.
 12875 | D:9      | Found a sparkling altar of Nemelex Xobeh.
 13208 | D:9      | Reached skill level 5 in Air Magic
 13288 | D:9      | Reached ***** piety under Vehumet
 13288 | D:9      | Offered knowledge of Fireball by Vehumet.
 13289 | D:9      | Reached skill level 5 in Ice Magic
 13844 | D:9      | Found Gemurek's Neck Hole.
 14018 | D:10     | Entered Level 10 of the Dungeon
 14052 | D:10     | Found a staircase to the Orcish Mines.
 14080 | D:10     | Noticed a two-headed ogre
 14088 | D:10     | Killed a two-headed ogre
 14216 | D:10     | Acquired a ring of willpower
 14219 | D:10     | Acquired a +1 hat of willpower
 14298 | D:10     | Found a burning altar of Makhleb.
 14317 | D:10     | Found Ibruxall's Distillery.
 14325 | D:10     | Bought a potion of curing for 36 gold pieces
 14325 | D:10     | Bought a potion of brilliance for 48 gold pieces
 14325 | D:10     | Bought a potion of haste for 120 gold pieces
 14325 | D:10     | Bought a potion of heal wounds for 60 gold pieces
 15117 | Lair:1   | Entered Level 1 of the Lair of Beasts
 15384 | Lair:1   | Reached XP level 12. HP: 79/79 MP: 19/23
 15543 | Lair:1   | Noticed an eight-headed hydra
 15550 | Lair:1   | Killed an eight-headed hydra
 16211 | Lair:2   | Noticed Erica
 16217 | Lair:2   | Killed Erica
 16253 | Lair:2   | Reached skill level 5 in Shields
 16682 | Lair:2   | Found a staircase to the Shoals.
 17600 | Lair:3   | Noticed a death yak
 17607 | Lair:3   | Killed a death yak
 17608 | Lair:3   | Reached XP level 13. HP: 57/84 MP: 11/26
 17808 | Lair:3   | Reached skill level 5 in Dodging
 18704 | Lair:3   | Found a hole to the Spider Nest.
 19087 | Lair:4   | Noticed Rupert
 19104 | Lair:4   | Killed Rupert
 19140 | Lair:4   | Found a sacrificial altar of Ru.
 19302 | Lair:4   | Acquired 813 gold pieces
 19441 | Lair:4   | Reached XP level 14. HP: 95/95 MP: 19/27
 19449 | Lair:4   | Reached skill level 10 in Conjurations
 19458 | Lair:4   | Offered knowledge of Spellforged Servitor by Vehumet.
 19471 | Lair:4   | Learned a level 7 spell: Spellforged Servitor
 20008 | Orc:1    | Entered Level 1 of the Orcish Mines
 20078 | Orc:1    | Found a frozen archway.
 20107 | IceCv    | Entered an ice cave
 20116 | IceCv    | Reached skill level 10 in Spellcasting
 20926 | IceCv    | Noticed a frost giant
 21449 | IceCv    | Killed a frost giant
 21640 | Orc:2    | Entered Level 2 of the Orcish Mines
 21686 | Orc:2    | Found a dark tunnel.
 21743 | Volcano  | Entered a volcano
 21853 | Volcano  | HP: 3/97 [cloud of freezing vapour (17)]
 21853 | Volcano  | Killed by an exploding fulminant prism

Illustrated notes

Levels and vault maps discovered:
D:1:      nzn_arrival_depleted_hourglass, layout_rooms, minmay_tromino_v4_b
D:2:      layout_loops_ring, basic_ecumenical_altar
D:3:      minmay_goblin_kobold_castle, layout_rooms,
          chequers_serial_rivers_large_b, uniq_natasha, uniq_jessica
D:4:      layout_loops_corners, dreamdust_princess_bridge
D:5:      layout_basic, minmay_temple_entry_ruins, uniq_edmund, uniq_menkaure
D:6:      layout_basic, uniq_grinder
D:7:      corexii_shantytown, layout_loops_ring
D:8:      cheibrodos_iron_armory, layout_gridville, uniq_joseph, uniq_amaemon
D:9:      layout_rooms, mainiacjoe_overflow_alcove_1, david_lair_shrubbed,
          kennysheep_doodads, nicolae_shop_sticking_my_neck_out
D:10:     layout_basic, mainiacjoe_overflow_six_doors_small,
          minmay_orc_entry_temple_small, serial_shops, nicolae_stop_n_shop_1,
          chequers_garden
Temple:   regret_index_temple_chain_breaker
Lair:1:   layout_regular_city, nicolae_lair_grazing_beasts
          [nicolae_sub_lair_graze_edge, nicolae_sub_lair_graze_edge,
          nicolae_sub_lair_graze_edge, nicolae_sub_lair_graze_edge],
          grunt_megastairs_1
Lair:2:   layout_chaotic_city, minmay_shoals_entry_hut, uniq_erica
Lair:3:   layout_gridlike, spider_nest_entry_rubble
Lair:4:   layout_regular_city, basic_altar, uniq_rupert
Orc:1:    layout_caves, portal_ice_cave_demonic_guard
Orc:2:    st_orc_open, layout_diamond_mine, nicolae_volcano_entry_vermiform,
          uniq_saint_roka
Volcano:  volcano_lake [vl_original]

Skill      XL: |  1  2  3  4  5  6  7  8  9 10 11 12 13 14 |
---------------+-------------------------------------------+-----
Stealth        | 3 4 5 6 7 8 |  8.0
Fighting       | 1 2 3 6 8 9 |  9.0
Conjurations   | 5 6 7 8 9 10 | 10.6
Spellcasting   | 3 4 5 6 7 9 10 | 10.3
Hexes          | 1 3 5 6 |  6.0
Translocations | 2 3 4 |  4.7
Evocations     | 2 3 4 |  4.0
Dodging        | 3 4 5 6 |  6.0
Ice Magic      | 2 6 7 8 |  8.0
Air Magic      | 2 6 7 8 |  8.0
Poison Magic   | 2 |  2.0
Shields        | 7 8 9 |  9.2

Action                   |  1- 3 |  4- 6 |  7- 9 | 10-12 | 13-15 || total
-------------------------+-------+-------+-------+-------+-------++-------
Melee: Dagger            |    17 |    32 |    32 |     7 |       ||    88
       Constrict         |     4 |     6 |     5 |    11 |     5 ||    31
       Tentacles         |     2 |     3 |     6 |    16 |    13 ||    40
       Punch             |     1 |       |       |       |     1 ||     2
       Long sword        |       |       |       |    10 |       ||    10
       Demon whip        |       |       |       |    40 |    49 ||    89
Throw: Dart              |       |       |       |     5 |       ||     5
 Cast: Magic Dart        |    51 |   118 |    76 |   104 |     3 ||   352
       Searing Ray       |       |    15 |    20 |    28 |     6 ||    69
       Fulminant Prism   |       |       |    16 |    55 |    51 ||   122
       Mephitic Cloud    |       |       |       |    15 |     7 ||    22
       Freezing Cloud    |       |       |       |    96 |   116 ||   212
       Iskenderun's Myst |       |       |       |       |     7 ||     7
Evoke: Wand              |       |       |     6 |     2 |       ||     8
  Use: Scroll            |       |       |     7 |    23 |     3 ||    33
       Potion            |       |       |       |     4 |     3 ||     7
 Stab: Sleeping          |     6 |     4 |     5 |       |       ||    15
       Distracted        |     1 |       |       |       |       ||     1
       Confused          |       |       |       |     2 |       ||     2
Armor: Skin              |     1 |     3 |     2 |     6 |     4 ||    16
Dodge: Dodged            |     7 |    32 |    17 |    56 |    30 ||   142
Block: Kite shield       |       |       |       |     5 |    36 ||    41

Table legend: (Time is in decaauts)
 A = Elapsed time spent in this place.
 B = Non-inter-level travel time spent in this place.
 C = Inter-level travel time spent in this place.
 D = Time resting spent in this place.
 E = Time spent auto-exploring this place.
 F = Levels seen in this place.
 G = Mean time per level.
                   A        B        C        D        E       F      G
               +--------+--------+--------+--------+--------+-----+--------+
         Total |  21902 |  21420 |    482 |   7935 |   9120 |  19 | 1152.7 |
       Dungeon |  15127 |  14787 |    340 |   6223 |   6198 |  10 | 1512.7 |
        Temple |     72 |     44 |     28 |      0 |     35 |   1 |   72.0 |
          Lair |   4844 |   4730 |    114 |   1094 |   2690 |   4 | 1211.0 |
  Orcish Mines |    365 |    365 |      0 |     30 |    141 |   2 |  182.5 |
      Ice Cave |   1376 |   1376 |      0 |    588 |     56 |   1 | 1376.0 |
       Volcano |    116 |    116 |      0 |      0 |      0 |   1 |  116.0 |
               +--------+--------+--------+--------+--------+-----+--------+

Top non-repeatable levels by time:
     D:3: 2352 daAuts
     D:6: 2322 daAuts
     D:7: 1992 daAuts
     D:8: 1590 daAuts
  Lair:3: 1579 daAuts
     D:5: 1488 daAuts
     D:9: 1386 daAuts
   IceCv: 1376 daAuts
    D:10: 1115 daAuts
  Lair:1: 1107 daAuts
     D:4: 1080 daAuts
  Lair:4: 1079 daAuts
  Lair:2: 1077 daAuts
     D:2: 908 daAuts
     D:1: 889 daAuts
